 Dungeon Crawl Stone Soup version 0.27.1-34-g3ba077fa99 (webtiles) character file.

Game seed: 757141467384017238

125 squill the Conjurer (level 5, -1/41 HPs)
             Began as a Hill Orc Conjurer on Jan 9, 2022.
             Was an Initiate of Ashenzari.
             Slain by a kobold brigand (3 damage)
             ... in a sewer on Jan 10, 2022.
             The game lasted 00:08:18 (3752 turns).

squill the Conjurer (Hill Orc Conjurer)             Turns: 3752, Time: 00:08:20

Health: -1/41      AC:  4    Str: 10    XL:     5   Next: 9%
Magic:  2/8        EV: 11    Int: 19    God:    Ashenzari [......]
Gold:   52         SH:  0    Dex:  9    Spells: 2/8 levels left

rFire    . . .     SeeInvis .   h - +4 quarterstaff (chaos)
rCold    . . .     Faith    .   (shield currently unavailable)
rNeg     . . .     Spirit   .   e - +0 leather armour
rPois    .         Reflect  .   (no helmet)
rElec    .         Harm     .   i - +0 cloak
rCorr    .         Rampage  .   (no gloves)
Will     .....                  (no boots)
Stlth    +.........             (no amulet)
HPRegen  0.13/turn              (no ring)
MPRegen  0.11/turn              (no ring)

@: lethally poisoned (-1 -> -4), slowed, very slow
A: no striking features
a: Renounce Religion, Curse Item


You were in a sewer.
You worshipped Ashenzari.
Ashenzari was noncommittal.
You visited 1 branch of the dungeon, and saw 3 of its levels.
You also visited: Sewer.

You collected 52 gold pieces.

Inventory:

Hand Weapons
 a - a +0 hand axe
 h - a +4 quarterstaff of chaos (weapon)
Armour
 e - a +0 leather armour (worn)
 f - a +0 ring mail
 i - a +0 cloak (worn)
Scrolls
 b - 3 scrolls of teleportation
 g - a scroll of enchant weapon
Potions
 d - a potion of brilliance


   Skills:
 + Level 2.1 Fighting
 + Level 1.5 Axes
 + Level 2.0 Armour
 - Level 1.5 Dodging
 - Level 1.5 Stealth
 + Level 2.2 Spellcasting
 + Level 4.5 Conjurations
 + Level 0.9 Hexes


You had 2 spell levels left.
You knew the following spells:

 Your Spells              Type           Power      Damage    Failure   Level
a - Magic Dart            Conj           76%        1d6       3%          1
b - Searing Ray           Conj           38%        3d4       4%          2
c - Dazzling Flash        Conj/Hex       24%        N/A       22%         3

Your spell library contained the following spells:

 Spells                   Type           Power      Damage    Failure   Level
 Corona                   Hex            5%         N/A       16%         1
 Animate Skeleton         Necr           4%         N/A       22%         1
 Apportation              Tloc           4%         N/A       22%         1
 Summon Small Mammal      Summ           8%         N/A       22%         1
 Fulminant Prism          Conj/Hex       6%         3d7       56%         4
 Iskenderun's Mystic Bla  Conj/Tloc      10%        2d4       63%         4
 Iskenderun's Battlesphe  Conj           19%        2d7       67%         5
 Fireball                 Conj/Fire      5%         3d5       93%         5
 Conjure Ball Lightning   Conj/Air       5%         3x3d6     100%        6
 Orb of Destruction       Conj           9%         9d4       100%        7


Dungeon Overview and Level Annotations

Branches:
Dungeon (3/15)              Sewer (1/1)

Altars:
Ashenzari
Elyvilon


Message History

The kobold brigand shouts!
The kobold shouts!
The kobold brigand throws a curare-tipped dart.
The curare-tipped dart hits you.
You are poisoned.
You have difficulty breathing.
You feel yourself slow down.
Found a potion of haste and a potion of might.
Casting: Magic Dart (safe; 3% risk of failure)
Confirm with . or Enter, or press ? or * to list all spells.
Aiming: Searing Ray (safe; 4% risk of failure)
Press: ? - help, Shift-Dir - straight line, f - kobold brigand
Aim: a kobold brigand, wielding a +0 short sword and quivering curare-tipped darts (72% to hit)
The searing ray hits the kobold brigand!
The kobold brigand is moderately wounded. (Press . to maintain the ray.)
The kobold shouts!
You feel very sick.
The kobold brigand throws a curare-tipped dart.
The curare-tipped dart barely misses you.
The searing ray misses the kobold.
The searing ray hits the kobold brigand!
The kobold brigand is heavily wounded.
The searing ray hits the kobold!
You kill the kobold!
You feel very sick.
The searing ray misses the kobold brigand.
You feel sick.
The kobold hits you with a +2 dagger of freezing.
The kobold freezes you.
The kobold brigand hits you with a +0 short sword.
The kobold hits you with a +2 dagger of freezing.
The kobold freezes you.
* * * LOW HITPOINT WARNING * * *
The searing ray hits the kobold brigand.
The kobold brigand is severely wounded.
You finish channeling your searing ray.
You feel sick.
The kobold brigand hits you with a +0 short sword!
* * * LOW HITPOINT WARNING * * *
The kobold splashes around in the water.
The kobold brigand hits you with a +0 short sword.
You die...

##### ###..∩# #####
#...######...#### # #
...#####.†.†....## .#.!#
....##...........#.....#
.....†..........@K..).#
..........≈≈≈≈≈≈K#.....#
≈≈≈≈≈≈≈≈≈≈≈≈≈≈≈≈≈# .#.!#
≈≈≈≈≈≈≈≈≈≈≈≈≈≈≈≈≈# # #
≈≈≈≈≈≈≈≈≈≈≈≈≈≈≈≈≈≈≈
≈≈≈≈≈≈≈≈≈≈≈≈≈≈≈≈≈≈≈≈
≈≈≈≈≈≈≈≈≈≈≈≈≈≈≈≈≈≈≈≈
≈≈≈≈≈≈≈≈≈≈≈≈≈≈≈≈≈≈≈


You could see a kobold brigand and a kobold.

Vanquished Creatures
  Crazy Yiuf (D:2)
  3 adders
  A river rat (Sewer)
  A worm (D:3)
  A dart slug (D:1)
  4 ball pythons
  5 endoplasms
  4 giant cockroaches
  7 goblins
  2 hobgoblins
  2 jackals (D:2)
  4 kobolds
  10 bats
  5 frilled lizards
  6 rats
56 creatures vanquished.

Notes
Turn   | Place    | Note
-------+----------+-------------------------------------------
     0 | D:1      | squill the Hill Orc Conjurer began the quest for the Orb.
     0 | D:1      | Reached XP level 1. HP: 14/14 MP: 3/3
   536 | D:1      | Reached XP level 2. HP: 17/22 MP: 4/4
   822 | D:1      | Reached skill level 1 in Fighting
   822 | D:1      | Reached skill level 1 in Armour
   841 | D:1      | Found a faded altar of an unknown god.
   847 | D:1      | Became a worshipper of Ashenzari the Shackled
  1236 | D:1      | Reached XP level 3. HP: 4/28 MP: 5/5
  2288 | D:2      | Found a white marble altar of Elyvilon.
  2827 | D:2      | Found a runed translucent door.
  2828 | D:2      | Noticed Crazy Yiuf
  3045 | D:2      | Learned a level 2 spell: Searing Ray
  3049 | D:2      | Learned a level 3 spell: Dazzling Flash
  3130 | D:2      | Killed Crazy Yiuf
  3131 | D:2      | Reached skill level 1 in Axes
  3131 | D:2      | Reached XP level 4. HP: 36/36 MP: 3/7
  3606 | D:3      | Found a glowing drain.
  3621 | Sewer    | Entered a sewer
  3697 | Sewer    | Reached XP level 5. HP: 40/41 MP: 1/8
  3748 | Sewer    | Noticed a kobold brigand
  3752 | Sewer    | HP: 2/41 [kobold brigand (8)]
  3752 | Sewer    | Slain by a kobold brigand

Illustrated notes

Levels and vault maps discovered:
D:1:      dpeg_arrival_round_c, layout_loops_corners, basic_ecumenical_altar
D:2:      layout_loops_ring, basic_altar, minmay_liquid_box,
          uniq_crazy_yiuf_cottage
D:3:      layout_loops_ring, cheibrodos_sewer_entry_drain,
          ebering_ghost_disaster_area
Sewer:    sewer_minmay_treatment

Skill      XL: |  1  2  3  4 |
---------------+-------------+-----
Fighting       | 1 2 |  2.1
Armour         | 1 2 |  2.0
Spellcasting   | 2 |  2.2
Axes           | 1 |  1.5
Dodging        | |  1.5
Stealth        | |  1.5
Conjurations   | |  4.5
Hexes          | |  0.9

Action                   |  1- 3 |  4- 6 || total
-------------------------+-------+-------++-------
Melee: Short sword       |   123 |       ||   123
       Quarterstaff      |       |    13 ||    13
 Cast: Magic Dart        |    17 |    35 ||    52
       Searing Ray       |     1 |     1 ||     2
  Use: Potion            |     1 |       ||     1
 Stab: Sleeping          |     1 |       ||     1
Armor: Robe              |    17 |       ||    17
       Leather armour    |    16 |     3 ||    19
Dodge: Dodged            |    81 |    20 ||   101
